 Dungeon Sprint DCSS version 0.30.1-9-gdf580d7c3d (webtiles) character file.

Game seed: 7638658226855139578

15 Heoruswealwe the Conjurer (level 2, -2/15 HPs)
             Began as a Deep Elf Conjurer on Sept 26, 2023.
             Slain by a scorpion (7 damage)
             ... in the Dungeon (Sprint IX: "|||||||||||||||||||||||||||||").
             The game lasted 00:02:06 (68 turns).

Heoruswealwe the Conjurer (Deep Elf Conjurer)         Turns: 68, Time: 00:02:07

Health: -2/15      AC:  2    Str:  4    XL:     2   Next: 34%
Magic:  1/10       EV: 12    Int: 22    God:
Gold:   0          SH:  0    Dex: 13    Spells: 10/11 levels left

rFire   . . .        a - +0 club
rCold   . . .        (no shield)
rNeg    . . .        c - +0 robe
rPois   .            (no helmet)
rElec   .            (no cloak)
rCorr   .            (no gloves)
SInv    .            (no boots)
Will    .....        (no amulet)
Stlth   ++           (no ring)
HPRegen 0.22/turn    (no ring)
MPRegen 0.12/turn

%: no teleportation
@: lethally poisoned (-2 -> -18), on berserk cooldown
A: no striking features
a: no special abilities


You were in the Dungeon.
You visited 1 branch

Inventory:

Hand Weapons
 a - a +0 club (weapon)
Armour
 c - a +0 robe (worn)
Potions
 b - 3 potions of magic
 e - a potion of haste


   Skills:
 - Level 2.4 Dodging
 - Level 2.4 Stealth
 + Level 5.4 Spellcasting
 + Level 5.8 Conjurations


You had 10 spell levels left.
You knew the following spells:

 Your Spells              Type           Power      Damage    Failure   Level
a - Magic Dart            Conj           100%       1d8       1%          1

Your spell library contained the following spells:

 Spells                   Type           Power      Damage    Failure   Level
 Searing Ray              Conj           62%        2d6       1%          2
 Dazzling Flash           Conj/Hex       36%        N/A       9%          3
 Fulminant Prism          Conj/Hex       9%         3d7       28%         4
 Iskenderun's Mystic Bla  Conj/Tloc      18%        2d6       28%         4


Dungeon Overview and Level Annotations

Branches:
Dungeon (1/1)

Altars:


Message History

Adjust to which letter? (? for menu, Esc to quit)
c - a +0 robe (worn);
f - a potion of curing You open the door.
An orc, a white imp, a sleepcap, a scorpion and an adder come into view.
The orc shouts!
The adder hisses angrily.
The adder bites you.
You are lethally poisoned!
The adder poisons you!
You feel better. The adder bites you. The adder barely misses you.
Blink to where?
Press: ? - help, Dir - move target
As you read the scroll of blinking, it crumbles to dust.
You feel yourself speed up.
The magic dart hits the adder.
The adder is heavily wounded.
The magic dart hits the adder.
The adder is heavily wounded.
The magic dart hits the adder.
The adder is severely wounded.
The magic dart hits the adder.
The adder is almost dead.
The magic dart hits the adder.
You kill the adder!
Your Spellcasting skill increases to level 5!
You have reached level 2!
The magic dart hits the scorpion.
The scorpion is lightly wounded.
The white imp shouts!
The scorpion stings you.
You are lethally poisoned!
The scorpion poisons you!
You feel much better.
You feel very sick. The scorpion stings you.
You are lethally poisoned!
The scorpion poisons you!
You feel very sick.
The white imp summons a swarm of flies.
The scorpion attacks as you move away! The scorpion stings you!
You die... ▓▓▓▓▓▓▓▓▓▓▓▓▓▓▓▓▓▓ +.o5fs'.o.5.'fs@<▓ ▓▓▓▓▓▓▓▓▓▓▓▓▓▓▓▓▓▓

You could see a sleepcap, a scorpion, a white imp and an orc.

Vanquished Creatures
  An adder (D)
  A bat (D)
  An endoplasm (D)
  A jackal (D)
  A kobold (D)
  A rat (D)
6 creatures vanquished.

Notes
Turn   | Place    | Note
-------+----------+-------------------------------------------
     0 | D        | Heoruswealwe the Deep Elf Conjurer began the quest for the
                  | Orb.
     0 | D        | Reached XP level 1. HP: 10/10 MP: 6/6
    17 | D        | Reached skill level 5 in Conjurations
    57 | D        | Noticed a sleepcap
    57 | D        | Noticed a scorpion
    65 | D        | Reached skill level 5 in Spellcasting
    65 | D        | Reached XP level 2. HP: 15/15 MP: 2/10
    68 | D        | Slain by a scorpion

Illustrated notes

Levels and vault maps discovered:
D:        linesprint [early_d, line_temple, items_1, d_10, items_2, lair_1,
          lair_end, items_3, orc_1, orc_end, items_4, d_15, swamp_1, shoals_1,
          snake_1, spider_1, d_20, vaults_1, items_5, swamp_end, shoals_end,
          snake_end, spider_end, vaults_end, d_27, items_6, zot_1, zot_end,
          crypt_end, forest_end, elf_end, slime_end, tomb_end, abyss_end,
          pan_hell_end]

Skill      XL: |  1 |
---------------+----+-----
Spellcasting   | 5 |  5.4
Conjurations   | 5 |  5.8
Dodging        | |  2.4
Stealth        | |  2.4

Action                     || total
---------------------------++-------
  Melee: Unarmed           ||    16
   Cast: Magic Dart        ||    10
    Use: Potion            ||     3
         Scroll            ||     1
 Armour: Robe              ||     3
  Dodge: Dodged            ||    11
